 Dungeon Crawl Stone Soup version 0.31-a0-246-g8cbcc1cb85 (webtiles) character file.

Game seed: 10861552531982996402

403 qw the Shooter (level 6, -5/38 HPs)
             Began as a Gargoyle Hexslinger on July 12, 2023.
             Slain by an ogre
             ... wielding a +0 giant club
              (25 damage)
             ... on level 4 of the Dungeon.
             The game lasted 00:01:20 (2424 turns).

qw the Shooter (Gargoyle Hexslinger)                Turns: 2424, Time: 00:01:21

Health: -5/38      AC: 14    Str: 11    XL:     6   Next: 86%
Magic:  6/6        EV: 10    Int: 14    God:
Gold:   155        SH:  0    Dex: 14    Spells: 6/7 levels left

rFire   . . .        Y - +2 sling (chaos)
rCold   . . .        (no shield)
rNeg    + . .        d - +0 ring mail
rPois   inf          h - +2 hat
rElec   +            i - +2 cloak
rCorr   .            (no gloves)
SInv    .            (no boots)
Will    .....        n - amulet of the acrobat
Stlth   +            (no ring)
HPRegen 0.26/turn    (no ring)
MPRegen 0.10/turn

%: acrobat
@: no status effects
A: sickness immunity, AC +4, negative energy resistance 1, electricity
resistance, torment resistance 1, petrification resistance, antennae 1, low MP 1
a: no special abilities


You were on level 4 of the Dungeon.
You visited 1 branch of the dungeon, and saw 4 of its levels.

You collected 155 gold pieces.


Innate Abilities, Weirdness & Mutations

You are immune to sickness and miasma.
Your stone body is resilient. (AC +4)
You are immune to poison.
You resist negative energy. (rN+)
You are resistant to electric shocks. (rElec)
You are resistant to unholy torment.
You are immune to petrification.
You have a pair of small antennae on your head.
Your magical capacity is low. (-10% MP)


   Skills:
 - Level 3.8 Fighting
 + Level 5.8 Ranged Weapons
 - Level 1.7 Armour
 - Level 1.5 Dodging
 - Level 1.0 Spellcasting
 - Level 2.6 Hexes


You had 6 spell levels left.
You knew the following spells:

 Your Spells              Type           Power      Damage    Failure   Level
a - Slow                  Hex            32%        N/A       21%         1

Your spell library contained the following spells:

 Spells                   Type           Power      Damage    Failure   Level
 Inner Flame              Hex/Fire       4%         N/A       71%         3
 Portal Projectile        Hex/Tloc       8%         N/A       71%         3
 Cause Fear               Hex            4%         N/A       90%         4

Inventory:

Hand Weapons
 Y - a +2 sling of chaos (weapon)
Armour
 c - the +7 leather armour "Faji" {Fly rElec Will+}
   (You found it on level 4 of the Dungeon)

   rElec:     It insulates you from electricity.
   Fly:       It grants you flight.
   Will:      It increases your willpower.
 d - a +0 ring mail (worn)
 h - a +2 hat (worn)
 i - a +2 cloak (worn)
Jewellery
 n - an amulet of the acrobat (around neck)
Scrolls
 a - 2 scrolls of identify
 b - a scroll of fog {unknown}
Potions
 e - a potion of haste
 k - 2 potions of mutation
 l - a potion of brilliance {unknown}

Dungeon Overview and Level Annotations

Branches:
Dungeon (4/15)
 Temple: D:4-7

Altars:
Ashenzari
Sif Muna


Message History

The sling bullet barely misses the giant cockroach.
You shoot a sling bullet.
The sling bullet hits the giant cockroach.
The giant cockroach is severely wounded.
You shoot a sling bullet.
The sling bullet hits the giant cockroach.
You kill the giant cockroach!
Found a stone staircase leading up.
Enter note:
Enter note:
Found a ring mail.
Enter note:
Enter note: An adder comes into view.
The adder hisses angrily.
Enter note:
Enter note: You shoot a sling bullet.
The sling bullet hits the adder.
The adder suddenly stops moving!
The adder is heavily wounded.
An ogre comes into view. It is wielding a +0 giant club.
You shoot a sling bullet. The sling bullet hits the adder!
Lightning courses through the adder!
You kill the adder!
You shoot a sling bullet. The sling bullet hits the ogre!
The ogre is poisoned.
The ogre is moderately wounded.
You shoot a sling bullet.
The sling bullet barely misses the ogre.
You shoot a sling bullet. The sling bullet hits the ogre.
The sling bullet freezes the ogre.
The ogre is heavily wounded.
The ogre hits you with a +0 giant club!!
You shoot a sling bullet. The sling bullet hits the ogre.
The ogre seems to grow stronger.
The ogre is severely wounded.
You shoot a sling bullet. The sling bullet hits the ogre.
The ogre goes berserk!
The ogre is almost dead.
The ogre hits you with a +0 giant club!!
Ouch! That really hurt!
You die...

#.# ###### #.#
...... ######.#
#.... #......#
#.... #####.####.#
#....###...%......#
#[...#...####.#####
##O......#.#
#.@#.....#.#
#......##.....#.#
#.##### #.....#.#
##.....#.#
####:.......#
#<##.######## .
#.##.# ## #.##.#
#.##.#


You could see an ogre (berserk, strong, poisoned).

Vanquished Creatures
  A phantom (D:4)
  A scorpion (D:4)
  A jelly (D:3)
  Jessica (D:2)
  3 orc wizards
  4 adders
  4 worms (D:2)
  5 orcs
  6 endoplasms
  7 giant cockroaches
  5 goblins
  6 hobgoblins
  10 jackals
  3 kobolds
  10 quokkas
  7 ball pythons
  5 bats
  3 frilled lizards
  7 rats
89 creatures vanquished.

Notes
Turn   | Place    | Note
-------+----------+-------------------------------------------
     0 | D:1      | qw the Gargoyle Hexslinger began the quest for the Orb.
     0 | D:1      | Reached XP level 1. HP: 12/12 MP: 2/2
     0 | D:1      | 0 ||| qw: Version: 0.3-a-52-g30416fa
     0 | D:1      | 0 ||| qw: Game counter: 6444
     0 | D:1      | 0 ||| qw: Melee chars always use a shield: true
     0 | D:1      | 0 ||| qw: God list: Okawaru
     0 | D:1      | 0 ||| qw: Allow faded altars: false
     0 | D:1      | 0 ||| qw: Do Orc after clearing Dungeon:15 true
     0 | D:1      | 0 ||| qw: Do second Lair branch before Depths: true
     0 | D:1      | 0 ||| qw: Lair rune preference: random
     0 | D:1      | 0 ||| qw: Goals: Normal
     0 | D:1      | 0 ||| PLANNING D:1-11
    95 | D:1      | Reached XP level 2. HP: 16/16 MP: 3/3
   185 | D:1      | Reached skill level 3 in Ranged Weapons
   331 | D:1      | Reached XP level 3. HP: 15/21 MP: 4/4
   475 | D:1      | 475 ||| DROPPING ring of flight.
   476 | D:1      | 476 ||| READING scroll labelled GILUNODYISM.
   477 | D:1      | 477 ||| READING scroll labelled JOECVOREF WENN.
   478 | D:1      | 478 ||| READING scroll labelled SENKEI DUSAIP.
   479 | D:1      | 479 ||| DROPPING scroll of poison.
   702 | D:2      | Found a faded altar of an unknown god.
   712 | D:2      | Reached XP level 4. HP: 26/26 MP: 5/5
   717 | D:2      | 717 ||| Stepping ~*~*~tactically~*~*~ (water).
   750 | D:2      | Noticed Jessica
   752 | D:2      | Killed Jessica
   753 | D:2      | Reached skill level 4 in Ranged Weapons
   819 | D:2      | Found a broken altar of Ashenzari.
  1239 | D:2      | 1239 ||| UPGRADING to +0 ring mail.
  1249 | D:2      | 1249 ||| DROPPING +0 robe.
  1250 | D:2      | 1250 ||| UPGRADING to +1 hat.
  1255 | D:2      | 1255 ||| UPGRADING to +0 cloak.
  1260 | D:2      | 1260 ||| UPGRADING to amulet of the acrobat.
  1265 | D:2      | 1265 ||| READING scroll labelled PECWACW EFID.
  1266 | D:2      | 1266 ||| READING 2 scrolls labelled MEKU HUEPEOK.
  1267 | D:2      | 1267 ||| READING scroll of enchant armour.
  1267 | D:2      | 1267 ||| ENCHANTING +1 hat.
  1268 | D:2      | 1268 ||| READING 2 scrolls labelled IDDANNU HIXU.
  1269 | D:2      | 1269 ||| READING scroll of brand weapon.
  1269 | D:2      | 1269 ||| BRANDING +1 sling of electrocution.
  1270 | D:2      | 1270 ||| READING scroll labelled BEOGOO IDGHUKHEWN.
  1546 | D:3      | Reached skill level 1 in Armour
  1546 | D:3      | Reached XP level 5. HP: 30/30 MP: 6/6
  1932 | D:3      | Found a shimmering blue altar of Sif Muna.
  1937 | D:3      | Identified the staff of Inconvenience {rF+ Int+2 Fire}
  1945 | D:3      | Reached skill level 5 in Ranged Weapons
  2007 | D:3      | 2007 ||| DRINKING 2 pink potions.
  2007 | D:3      | Gained mutation: Your magical capacity is low. (-10% MP)
                  | [potion of mutation]
  2007 | D:3      | Gained mutation: You have a pair of small antennae on your
                  | head. [potion of mutation]
  2008 | D:3      | 2008 ||| READING 4 scrolls of identify.
  2008 | D:3      | 2008 ||| IDENTIFYING inky potion
  2009 | D:3      | 2009 ||| READING 3 scrolls of identify.
  2009 | D:3      | 2009 ||| IDENTIFYING fuming dark potion
  2010 | D:3      | 2010 ||| READING 2 scrolls of identify.
  2010 | D:3      | 2010 ||| IDENTIFYING blue potion
  2011 | D:3      | 2011 ||| DROPPING potion of invisibility.
  2012 | D:3      | 2012 ||| DROPPING potion of attraction.
  2058 | D:4      | Reached XP level 6. HP: 34/36 MP: 6/6
  2117 | D:4      | Reached skill level 3 in Fighting
  2160 | D:4      | Identified the +7 leather armour "Faji" {Fly rElec Will+}
  2262 | D:4      | 2262 ||| READING scroll of enchant armour.
  2262 | D:4      | 2262 ||| ENCHANTING +0 cloak.
  2326 | D:4      | 2326 ||| READING scroll of enchant armour.
  2326 | D:4      | 2326 ||| ENCHANTING +1 cloak.
  2371 | D:4      | 2371 ||| READING scroll of brand weapon.
  2371 | D:4      | 2371 ||| BRANDING +2 sling of freezing.
  2424 | D:4      | Slain by an ogre

Levels and vault maps discovered:
D:1:      grunt_arrival_crossed_arrows, layout_rooms, minmay_misc_feat_doors
D:2:      layout_basic, basic_altar,
          hellmonk_ecumenical_altar_pennies_from_heaven, st_stairs_6,
          minmay_pentomino_r4, uniq_jessica
D:3:      layout_basic, led_sif_book, chequers_decorated_corner,
          guppyfry_early_orc_mine
D:4:      layout_basic

Skill      XL: |  1  2  3  4  5  6 |
---------------+-------------------+-----
Ranged Weapons | 3 4 5 |  5.8
Fighting       | 2 3 |  3.8
Armour         | 1 |  1.7
Dodging        | |  1.5
Spellcasting   | |  1.0
Hexes          | |  2.6

Action                     |  1- 3 |  4- 6 || total
---------------------------+-------+-------++-------
   Fire: Sling             |   140 |   195 ||   335
    Use: Scroll            |     3 |    12 ||    15
         Potion            |       |     1 ||     1
 Armour: Robe              |    39 |     5 ||    44
         Ring mail         |       |    36 ||    36
  Dodge: Dodged            |    64 |    37 ||   101

Table legend:
 A = Non-vault XP
 B = Vault XP
 C = Vault XP percentage of total XP
 D = Non-vault monster count
 E = Vault monster count
 F = Vault count percentage of total count
                 A         B        C        D         E       F
            +---------+---------+-------+---------+---------+-------
      Total |     448 |     128 |  22.2 |      76 |      13 |  14.6
            +---------+---------+-------+---------+---------+-------
        D:1 |      46 |       0 |   0.0 |      27 |       0 |   0.0
        D:2 |      66 |      42 |  38.9 |      24 |       4 |  14.3
        D:3 |      68 |      86 |  55.8 |      12 |       9 |  42.9
        D:4 |     268 |       0 |   0.0 |      13 |       0 |   0.0
            +---------+---------+-------+---------+---------+-------
